 Dungeon Crawl Stone Soup version 0.23-a0-270-gab6feb3 (webtiles) character file.

65 tilp the Chiller (level 4, 0/30 HPs)
             Began as a Merfolk Ice Elementalist on Oct 1, 2018.
             Killed by divine providence
             ... invoked by an orc priest
              (12 damage)
             ... on level 4 of the Dungeon.
             The game lasted 00:06:59 (2250 turns).

tilp the Chiller (Merfolk Ice Elementalist)         Turns: 2250, Time: 00:07:00

Health: 0/30       AC:  4    Str:  8    XL:     4   Next: 13%
Magic:  7/7        EV: 13    Int: 15    God:
Gold:   183        SH:  0    Dex: 14    Spells: 1/7 levels left

rFire    x . .     SeeInvis .   b - +0 dagger
rCold    + . .     Gourm    .   (no shield)
rNeg     + . .     Faith    .   a - +0 robe
rPois    .         Spirit   .   (no helmet)
rElec    .         Reflect  .   k - +0 cloak
rCorr    .         Harm     .   p - +0 pair of gloves
MR       .....                  (no boots)
Stlth    ++........             (no amulet)
HPRegen  0.10/turn              q - ring of positive energy
MPRegen  0.10/turn              u - ring of ice

@: no status effects
A: change form in water, swift swim, stealthy swim
a: no special abilities


You were on level 4 of the Dungeon.
You were hungry.

You visited 1 branch of the dungeon, and saw 4 of its levels.

You collected 183 gold pieces.

Inventory:

Hand Weapons
 b - a +0 dagger (weapon)
Missiles
 d - 58 stones
 t - 2 tomahawks (quivered)
Armour
 a - a +0 robe (worn)
 k - a +0 cloak (worn)
 p - a +0 pair of gloves (worn)
Jewellery
 q - a ring of positive energy (left hand)
 u - a ring of ice (right hand)
Scrolls
 e - 5 scrolls of teleportation
 f - a scroll of remove curse
 g - 2 scrolls of identify
 j - a scroll of enchant weapon {unknown}
 l - a scroll of magic mapping
 m - a scroll of fear {unknown}
 n - a scroll of enchant armour {unknown}
 o - a scroll of blinking
Potions
 h - a potion of haste {unknown}
 i - 2 potions of curing
 r - a potion of cancellation
 s - a potion of lignification {unknown}
 v - a potion of magic {unknown}
Comestibles
 c - 4 rations


   Skills:
 - Level 2.6 Dodging
 - Level 2.1 Stealth
 - Level 2.0 Spellcasting
 - Level 0.7 Conjurations
 + Level 5.3 Ice Magic


You had one spell level left.
You knew the following spells:

 Your Spells              Type           Power        Failure   Level  Hunger
a - Freeze                Ice            ####         2%          1    #......
b - Throw Frost           Conj/Ice       ###...       10%         2    ###....
c - Ozocubu's Armour      Chrm/Ice       ##......     22%         3    ###....

Your spell library contained the following spells:

 Spells                   Type           Power        Failure   Level  Hunger
 Throw Icicle             Conj/Ice       ###.....     54%         4    #####..
 Summon Ice Beast         Ice/Summ       ##......     58%         4    #####..


Dungeon Overview and Level Annotations

Branches:
Dungeon (3/15)

Altars:
Ru

Annotations:
D:2 1 runed door


Message History

You kill the ooze!
You now have 183 gold pieces (gained 10).
You open the door.
There is an open door here.
An orc comes into view.
It is wielding a flail. 2 orc priests come into view.
The orc shouts!
The orc priest shouts!
An orc comes into view. It is wielding a falchion.
You are feeling hungry.
The orc shouts!
The orc priest invokes the aid of Beogh against you.
Beogh smites you!
The orc priest invokes the aid of Beogh against you.
Beogh smites you!
* * * LOW HITPOINT WARNING * * *
The orc priest shouts!
You feel better.
The orc priest invokes the aid of Beogh against you.
Beogh smites you!
You die...

........#####.
######>........
########.# ####
#.# ####...# #.#
#....... #.#
#..... #.# #...#
###.#####...##.##
#.....@..oo.o...#
#.#.#####...o...#
#.#.# #.......#
#.#.# #.#.....#
###'#.###
#.#######
#.......# #..
#.......##### #
#............. #
####.......######


You could see 2 orc priests and 2 orcs.

Vanquished Creatures
  An ooze (D:4)
  2 worms (D:2)
  A dart slug (D:2)
  2 leopard geckos
  A ball python (D:3)
  2 bats
  5 giant cockroaches
  8 goblins
  4 hobgoblins
  2 jackals (D:2)
  3 quokkas
  3 frilled lizards
  8 kobolds
  A leopard gecko skeleton (D:4)
  3 rats
46 creatures vanquished.

Notes
Turn   | Place    | Note
-------+----------+-------------------------------------------
     0 | D:1      | tilp the Merfolk Ice Elementalist began the quest for the
                  | Orb.
     0 | D:1      | Reached XP level 1. HP: 13/13 MP: 3/3
   279 | D:1      | Reached XP level 2. HP: 17/19 MP: 0/5
   431 | D:1      | Reached skill level 4 in Ice Magic
   814 | D:1      | Learned a level 2 spell: Throw Frost
   983 | D:1      | Reached XP level 3. HP: 24/24 MP: 4/6
   991 | D:1      | Learned a level 3 spell: Ozocubu's Armour
  1129 | D:2      | Found a runed door.
  1416 | D:2      | Reached skill level 5 in Ice Magic
  2048 | D:3      | You fall through a shaft!
  2054 | D:4      | Found a sacrificial altar of Ru.
  2071 | D:4      | Reached XP level 4. HP: 22/30 MP: 2/7
  2248 | D:4      | HP: 1/30 [orc priest/divine providence (13)]
  2250 | D:4      | Killed from afar by an orc priest

Vault maps used:
D:1:      zaba_arrival_water, st_stairs_3, minmay_tromino_v4_b
D:2:      uniq_crazy_yiuf_cottage
D:3:      first_ration, nemelex_dance_club_becter
D:4:      nicolae_overflow_crystal_walls, hangedman_ru_absence,
          hex_intersection, nicolae_dithmenos_through_a_glass_darkly

Skill      XL: |  1  2  3 |
---------------+----------+-----
Ice Magic      | 4 5 |  5.3
Dodging        | |  2.6
Stealth        | |  2.1
Spellcasting   | |  2.0
Conjurations   | |  0.7

Action                   |  1- 3 |  4- 6 || total
-------------------------+-------+-------++-------
Melee: Dagger            |    35 |    15 ||    50
Throw: Stone             |     2 |       ||     2
       Tomahawk          |     2 |       ||     2
 Cast: Freeze            |    66 |     2 ||    68
  Use: Scroll            |     7 |       ||     7
       Potion            |       |     1 ||     1
 Stab: Sleeping          |     1 |     1 ||     2
  Eat: Chunk             |     5 |       ||     5
Armor: Robe              |     9 |     2 ||    11
Dodge: Dodged            |    48 |     9 ||    57

Table legend:
 A = Non-vault XP
 B = Vault XP
 C = Vault XP percentage of total XP
 D = Non-vault monster count
 E = Vault monster count
 F = Vault count percentage of total count
                 A         B        C        D         E       F
            +---------+---------+-------+---------+---------+-------
      Total |      83 |      10 |  10.8 |      40 |       6 |  13.0
            +---------+---------+-------+---------+---------+-------
        D:1 |      27 |       8 |  22.9 |      16 |       5 |  23.8
        D:2 |      38 |       2 |   5.0 |      17 |       1 |   5.6
        D:3 |       5 |       0 |   0.0 |       3 |       0 |   0.0
        D:4 |      13 |       0 |   0.0 |       4 |       0 |   0.0
            +---------+---------+-------+---------+---------+-------
